 Dungeon Crawl Stone Soup version 0.29.1-4-g47bece8355 (webtiles) character file.

Game seed: 17798836853937260691

221 GigaChad the Covered (level 5, -4/47 HPs)
             Began as a Minotaur Fighter on Dec 9, 2022.
             Was an Initiate of Trog.
             Slain by an iguana (7 damage)
             ... on level 4 of the Dungeon.
             The game lasted 00:04:09 (2077 turns).

GigaChad the Covered (Minotaur Fighter)             Turns: 2077, Time: 00:04:09

Health: -4/47      AC:  9    Str: 22    XL:     5   Next: 65%
Magic:  4/4        EV:  7    Int:  5    God:    Trog [......]
Gold:   140        SH:  4    Dex: 10    Spells: 4/4 levels left

rFire   . . .      SeeInvis .   a - +0 war axe
rCold   . . .      Faith    .   c - +0 buckler
rNeg    . . .      Spirit   .   g - +0 chain mail
rPois   .          Reflect  .   (helmet restricted)
rElec   .          Harm     .   (no cloak)
rCorr   .          Rampage  .   (no gloves)
Will    .....                   (no boots)
Stlth   ..........              (no amulet)
HPRegen 0.15/turn               (no ring)
MPRegen 0.09/turn               (no ring)

@: no status effects
A: horns 2, retaliatory headbutt
a: Renounce Religion


You were on level 4 of the Dungeon.
You worshipped Trog.
Trog was noncommittal.
You visited 2 branches of the dungeon, and saw 5 of its levels.

You collected 140 gold pieces.

Inventory:

Hand Weapons
 a - a +0 war axe (weapon)
Missiles
 q - 6 boomerangs of dispersal (quivered)
Armour
 b - a +0 scale mail
 c - a +0 buckler (worn)
 g - a +0 chain mail (worn)
Jewellery
 o - a ring of flight
 t - a ring of magical power
Scrolls
 f - a scroll of teleportation {unknown}
 j - 3 scrolls of immolation {unknown}
 k - a scroll of enchant armour {unknown}
 l - a scroll of blinking {unknown}
 m - a scroll of poison {unknown}
 n - a scroll of enchant weapon {unknown}
 p - 2 scrolls of noise {unknown}
 r - 3 scrolls of identify {unknown}
Potions
 d - a potion of might
 e - a potion of lignification {unknown}
 h - a potion of mutation {unknown}
 i - a potion of ambrosia {unknown}
 s - 3 potions of curing {unknown}


   Skills:
 + Level 4.4 Fighting
 + Level 4.9 Axes
 + Level 5.0 Armour
 + Level 0.6 Dodging
 + Level 4.6 Shields


You had 4 spell levels left.
You didn't know any spells.
Your spell library was empty.

Dungeon Overview and Level Annotations

Branches:
Dungeon (4/15)             Temple (1/1) D:4

Altars:
Ashenzari
Cheibriados
Dithmenos
Elyvilon
Fedhas
Okawaru
Sif Muna
Trog
Xom

Shops:
D:3 *

Annotations:
D:4 1 runed translucent door, retardedninja's ghost, novice HOFi


Innate Abilities, Weirdness & Mutations

You have a pair of horns on your head.
You reflexively headbutt those who attack you in melee.


Message History

Trog accepts your kill.
The ogre hits you with a +0 giant spiked club!
You see here a hobgoblin corpse.
You completely miss the ogre. The ogre closely misses you.
You furiously retaliate!
You headbutt the ogre. You slash the ogre! You headbutt the ogre!
The ogre is almost dead.
The ogre hits you with a +0 giant spiked club!!
Ouch! That really hurt!
* * * LOW HITPOINT WARNING * * *
You slash the ogre!
You kill the ogre!
Trog accepts your kill.
Your Armour skill increases to level 5!
Things that are here:
a +0 giant spiked club; an ogre corpse
Things that are here:
a +0 giant spiked club; an ogre corpse You now have 140 gold pieces (gained 6).
You start resting.
A kobold comes into view.
It is wielding a +1 war axe of freezing and quivering poisoned darts.
A kobold is nearby!
A kobold is nearby!
The kobold shouts!
You see here a hobgoblin corpse.
The kobold throws a poisoned dart.
The poisoned dart barely misses you.
Found 3 curare-tipped darts.
An iguana comes into view.
The kobold barely misses you. You furiously retaliate!
You headbutt the kobold!
You kill the kobold!
Trog accepts your kill.
The iguana hisses angrily.
Things that are here:
a +1 war axe of freezing; 3 poisoned darts; a kobold corpse The iguana closely misses you.
You furiously retaliate!
You headbutt the iguana, but do no damage.
You closely miss the iguana. The iguana bites you!
* * * LOW HITPOINT WARNING * * *
The iguana bites you!
You die...

.........###.###
...............#
.........[.....#
...............#
...............+
.........).....#
#.........†....#
#..............#
#.....l@.).....#
........(......#
#..............#
...............#
#..............#
#..............#
#####..#...#...#
#.###.###(.# #.
.. ..#


You could see an iguana.

Vanquished Creatures
  An ogre (D:4)
  A jelly (D:3)
  A hound (D:3)
  3 adders
  A dart slug (D:4)
  An orc (D:3)
  8 ball pythons
  3 endoplasms
  3 giant cockroaches
  A goblin (D:3)
  7 hobgoblins
  4 jackals (D:4)
  4 kobolds
  3 quokkas
  6 bats
  A frilled lizard (D:2)
  3 rats
51 creatures vanquished.

Notes
Turn   | Place    | Note
-------+----------+-------------------------------------------
     0 | D:1      | GigaChad the Minotaur Fighter began the quest for the Orb.
     0 | D:1      | Reached XP level 1. HP: 19/19 MP: 0/0
   238 | D:1      | Reached XP level 2. HP: 27/27 MP: 1/1
   313 | D:1      | Reached skill level 4 in Armour
   876 | D:2      | Found a white marble altar of Elyvilon.
   877 | D:2      | You fall into a shaft and drop 1 floor!
   959 | D:3      | Reached XP level 3. HP: 17/33 MP: 2/2
  1137 | D:3      | Reached XP level 4. HP: 38/40 MP: 3/3
  1233 | D:3      | Found a bloodstained altar of Trog.
  1317 | D:3      | Became a worshipper of Trog the Wrathful
  1405 | D:3      | Found Zautad's General Store.
  1461 | D:3      | Found a broken altar of Ashenzari.
  1663 | D:4      | Found a runed translucent door.
  1665 | D:4      | Noticed retardedninja's ghost (novice HOFi)
  1861 | D:4      | Found a shadowy altar of Dithmenos.
  1896 | D:4      | Reached XP level 5. HP: 41/46 MP: 4/4
  1989 | D:4      | Found a staircase to the Ecumenical Temple.
  2004 | Temple   | Entered the Ecumenical Temple
  2047 | D:4      | Noticed an ogre
  2056 | D:4      | Killed an ogre
  2057 | D:4      | Reached skill level 5 in Armour
  2077 | D:4      | Slain by an iguana

Illustrated notes

Levels and vault maps discovered:
D:1:      dpeg_arrival_three_same_balls, layout_basic
D:2:      minmay_chambers_of_twos, layout_basic, serial_shops,
          nicolae_shop_hallway_stairs, basic_altar, st_stairs_1, uniq_terence
D:3:      layout_rooms, mainiacjoe_overflow_catwalk,
          mainiacjoe_overflow_alcove_2, serial_shops,
          nicolae_shop_advertising_works [nicolae_subvault_shop_adworks],
          grunt_ministairs_3, glass_columns_a
D:4:      layout_basic, vehumet_crystals, tgw_kikubaaqudgha, lemuel_tele_altar,
          grunt_temple_overflow_open, minmay_temple_entry_trees,
          ebering_ghost_reflecting_pool, dk_noncrumbling_3, dk_vineyard_3,
          st_stairs_2, uniq_blork_the_orc, uniq_robin, uniq_natasha
Temple:   nicolae_temple_ecumenical_triangle

Skill      XL: |  1  2  3  4  5 |
---------------+----------------+-----
Armour         | 4 5 |  5.0
Shields        | 4 |  4.6
Fighting       | 4 |  4.4
Axes           | 3 4 |  4.9
Dodging        | |  0.6

Action                   |  1- 3 |  4- 6 || total
-------------------------+-------+-------++-------
Melee: War axe           |    54 |    56 ||   110
       Headbutt          |     4 |     5 ||     9
Armor: Chain mail        |    39 |    47 ||    86
Dodge: Dodged            |    25 |    37 ||    62
Block: Buckler           |    14 |    18 ||    32
